 Dungeon Crawl Stone Soup version 0.27-a0-780-geb8d7bc690 (webtiles) character file.

Game seed: 7579517014979629283

147 Aggronaut the Changer (level 5, 0/39 (40) HPs)
             Began as a Draconian Transmuter on Mar 26, 2021.
             Slain by a wight
             ... wielding a +4 dire flail
              (1 damage)
             ... on level 4 of the Dungeon.
             The game lasted 00:05:53 (3949 turns).

Aggronaut the Changer (Draconian Transmuter)        Turns: 3949, Time: 00:05:54

HP:   0/39 (40)     AC:  5    Str: 12    XL:     5   Next: 7%
MP:   7/8           EV: 11    Int: 13    God:
Gold: 97            SH:  3    Dex: 13    Spells: 7/8 levels left

rFire    . . .     SeeInvis .     - Unarmed
rCold    . . .     Faith    .   b - +0 buckler
rNeg     . . .     Spirit   .   (armour unavailable)
rPois    .         Reflect  .   (helmet currently unavailable)
rElec    .         Harm     .   (no cloak)
rCorr    .         Rampage  .   (no gloves)
Will     .....                  (boots currently unavailable)
Stlth    +.........             (no amulet)
HPRegen  0.13/turn              (no ring)
MPRegen  0.11/turn              (no ring)

@: appendages, lightly drained
A: horns 2, talons 2, AC +5, unfitting armour, cold-blooded
a: End Transformation


You were on level 4 of the Dungeon.
You had temporarily grown beastly horns and talons.
You visited 1 branch of the dungeon, and saw 4 of its levels.

You collected 97 gold pieces.

Inventory:

Missiles
 h - 11 poisoned darts (quivered)
Armour
 b - a +0 buckler (worn)
Jewellery
 a - a ring of flight
 d - an amulet of reflection
Wands
 i - a wand of random effects (11)
Scrolls
 c - a scroll of holy word {unknown}
 e - 2 scrolls of identify {unknown}
 f - a scroll of immolation {unknown}
Potions
 g - a potion of flight {unknown}


   Skills:
 - Level 1.1 Fighting
 - Level 1.7 Dodging
 + Level 4.0 Unarmed Combat
 - Level 2.1 Spellcasting
 * Level 4.4 Transmutations


You had 7 spell levels left.
You knew the following spells:

 Your Spells              Type           Power      Damage    Failure   Level
a - Beastly Appendage     Tmut           26%        N/A       7%          1

Your spell library contained the following spells:

 Spells                   Type           Power      Damage    Failure   Level
 Wereblood                Tmut           13%        N/A       10%         2
 Magic Dart               Conj           4%         1d3       38%         1
 Spider Form              Tmut/Pois      3%         N/A       45%         3
 Blink                    Tloc           N/A        N/A       54%         2
 Call Imp                 Summ           1%         N/A       54%         2
 Slow                     Hex            1%         N/A       54%         2
 Conjure Flame            Conj/Fire      1%         6-21      77%         3
 Mephitic Cloud           Conj/Pois/Air  1%         N/A       77%         3
 Ice Form                 Ice/Tmut       7%         N/A       86%         4
 Blade Hands              Tmut           6%         N/A       88%         5


Dungeon Overview and Level Annotations

Branches:
Dungeon (4/15)
 Temple: D:4-7

Altars:
Cheibriados
Kikubaaqudgha
Ru
Wu Jian
Yredelemnul
Zin
The Shining One


Innate Abilities, Weirdness & Mutations

You have temporarily grown beastly horns and talons.
Your plain brown scales are hard. (AC +5)
You cannot fit into any form of body armour.
You are cold-blooded and may be slowed by cold attacks.


Message History

The ball python bites you but does no damage.
The ball python grabs you. The ball python constricts you.
You hit the ball python.
You kill the ball python!
There is an open door here.
You see here a ball python corpse.
The centaur skeleton hits you. The centaur skeleton kicks you.
You hit the centaur skeleton.
The centaur skeleton is lightly damaged.
The centaur skeleton barely misses you.
The centaur skeleton closely misses you.
You hit the wight.
You tail-slap the wight, but do no damage.
The wight is lightly damaged.
Casting: Beastly Appendage (safe; 7% risk of failure)
Confirm with . or Enter, or press ? or * to list all spells.
You grow a pair of large bovine horns.
Your feet morph into talons.
The wight barely misses you.
You hit the wight.
The wight is lightly damaged.
The wight hits you with a +4 dire flail!
You hit the wight but do no damage.
The wight is lightly damaged.
The wight barely misses you.
You closely miss the wight. You headbutt the wight.
Your tail-slap misses the wight.
The wight is moderately damaged.
The wight closely misses you.
You hit the wight but do no damage. You claw the wight.
Your headbutt misses the wight.
You tail-slap the wight, but do no damage.
The wight is heavily damaged.
The wight hits you with a +4 dire flail!
* * * LOW HITPOINT WARNING * * *
You hit the wight but do no damage. You claw the wight, but do no damage.
The wight is heavily damaged.
The wight hits you with a +4 dire flail!
* * * LOW HITPOINT WARNING * * *
You feel drained.
You die...

............S..............
...............##.#.###....
≈###≈≈≈≈####..##..#.# #....
#≈≈##≈............# #....
≈≈≈##≈≈###≈≈≈≈#.#### #####
### ≈≈≈≈≈≈≈##≈#.#
######≈##≈≈#.#
#.#.#Z###≈≈##.####
...≈.lz@†≈###.##_## ####
#.#.#.###≈≈####...###... #
##≈≈##8[..8#..## #≈#
#...##.## ≈# ##.###.# ##
##.#⌠#.# #⌠.....# ##.#⌠###
##.###


You could see an iguana, a wight and a centaur skeleton.

Vanquished Creatures
  A howler monkey (D:3)
  3 gnolls (D:4)
  3 adders
  An adder skeleton (D:4)
  A worm (D:3)
  2 dart slugs
  An orc (D:3)
  4 bats
  3 endoplasms (D:1)
  2 giant cockroaches
  2 goblins
  4 jackals (D:2)
  4 kobolds
  A quokka (D:3)
  8 ball pythons
  3 frilled lizards
  3 rats
46 creatures vanquished.

Notes
Turn   | Place    | Note
-------+----------+-------------------------------------------
     0 | D:1      | Aggronaut the Draconian Transmuter began the quest for the
                  | Orb.
     0 | D:1      | Reached XP level 1. HP: 16/16 MP: 3/3
   606 | D:1      | Reached XP level 2. HP: 16/23 MP: 3/5
  1841 | D:2      | Reached XP level 3. HP: 27/28 MP: 6/6
  1847 | D:2      | You fall into a shaft and drop 2 floors!
  2340 | D:3      | Found a glowing silver altar of Zin.
  2342 | D:3      | Found a basalt altar of Yredelemnul.
  2655 | D:3      | Found a glowing golden altar of the Shining One.
  2658 | D:3      | Found a snail-covered altar of Cheibriados.
  2846 | D:3      | Found a sacrificial altar of Ru.
  2994 | D:3      | HP: 1/28 [orc/+0 flail (3)]
  3005 | D:3      | Reached XP level 4. HP: 10/35 MP: 5/7
  3549 | D:4      | Reached XP level 5. HP: 17/40 MP: 6/8
  3861 | D:4      | Found an ornate altar of the Wu Jian Council.
  3861 | D:4      | Found an ancient bone altar of Kikubaaqudgha.
  3949 | D:4      | HP: 1/40 [wight/+4 dire flail (8)]
  3949 | D:4      | Slain by a wight

Illustrated notes

Levels and vault maps discovered:
D:1:      lightli_arrival_statue_moat, layout_basic
D:2:      layout_basic, serial_shops, nicolae_shop_trees
D:3:      layout_basic, nicolae_overflow_hidden_temple,
          minmay_shallow_snake_nest
D:4:      layout_loops_cross, amethyst_overflow_temple_binary,
          minmay_manual_mullet

Skill      XL: |  1  2  3  4 |
---------------+-------------+-----
Transmutations | 3 4 |  4.4
Unarmed Combat | 4 |  4.0
Fighting       | |  1.1
Dodging        | |  1.7
Spellcasting   | |  2.1

Action                   |  1- 3 |  4- 6 || total
-------------------------+-------+-------++-------
Melee: Unarmed           |   112 |    60 ||   172
       Tailslap          |    11 |     7 ||    18
       Kick              |    11 |     7 ||    18
       Headbutt          |     7 |     7 ||    14
       Punch             |     1 |       ||     1
Throw: Dart              |     1 |       ||     1
 Cast: Beastly Appendage |     9 |     4 ||    13
Evoke: Wand              |       |     1 ||     1
  Use: Potion            |     3 |       ||     3
 Stab: Sleeping          |     1 |       ||     1
       Petrified         |       |     7 ||     7
Armor: Skin              |    41 |    10 ||    51
Dodge: Dodged            |    90 |    30 ||   120
Block: Buckler           |    16 |     5 ||    21

Table legend: (Time is in decaauts)
 A = Elapsed time spent in this place.
 B = Non-inter-level travel time spent in this place.
 C = Inter-level travel time spent in this place.
 D = Time resting spent in this place.
 E = Time spent auto-exploring this place.
 F = Levels seen in this place.
 G = Mean time per level.
                   A        B        C        D        E       F      G
               +--------+--------+--------+--------+--------+-----+--------+
         Total |   3935 |   3887 |     48 |   1695 |   1652 |   4 |  983.8 |
       Dungeon |   3935 |   3887 |     48 |   1695 |   1652 |   4 |  983.8 |
               +--------+--------+--------+--------+--------+-----+--------+

Top non-repeatable levels by time:
     D:3: 1360 daAuts
     D:1: 1183 daAuts
     D:4: 726 daAuts
     D:2: 665 daAuts
